EVO
UNIVERSITY OF ARIZONA WILDCATS @ RICE UNIVERSITY OWLS
10/20/2044
 
TOP OF THE 1ST
University of Arizona Wildcats batting - Pitching for Rice University Owls : LHP Yee Koh
Pitching: LHP Yee Koh
Batting: LHB Cody Humphries 0-0: Ball
1-0: SINGLE (Groundball, 34D, EV 102.5 MPH)
Batting: LHB Bruce Arvizu 0-0: Ball
1-0: Foul Ball, location: 2F
1-1: Ball
2-1: Fly out, F7 (Flyball, 7LS, EV 88.1 MPH)
Batting: RHB Andy Garvin 0-0: Foul Ball, location: 2F
0-1: Foul Ball, location: 2F
0-2: Foul Ball, location: 2F
0-2: Ball
1-2: Foul Ball, location: 2F
1-2: Fly out, F7 (Flyball, 7D, EV 103.8 MPH)
Batting: RHB Carlos Teniente 0-0: Called Strike
0-1: Ball
1-1: Fly out, F9 (Line Drive, 9, EV 90.0 MPH)
Top of the 1st over - 0 runs, 1 hit, 0 errors, 1 left on base; University of Arizona 0 - Rice University 0
BOTTOM OF THE 1ST
Rice University Owls batting - Pitching for University of Arizona Wildcats : RHP David Toellner
Pitching: RHP David Toellner
Batting: LHB Josh Corkery 0-0: Ball
1-0: Ball
2-0: Ball
3-0: Base on Balls
Batting: RHB Tony Casas 0-0: Ball
1-0: Ball
Josh Corkery steals 2nd base (no throw)
2-0: Called Strike
2-1: Foul Ball, location: 2F
2-2: SINGLE (Groundball, 2R, EV 75.6 MPH) (infield hit)
Josh Corkery to third
Batting: RHB Troy Trice 0-0: Called Strike
0-1: Called Strike
0-2: Strikes out swinging
Batting: RHB Adam Maczko 0-0: Foul Ball, location: 2F
0-1: Ball
1-1: Called Strike
1-2: Strikes out looking
Batting: RHB Josh Faulconer 0-0: Ball
1-0: Ball
2-0: Called Strike
2-1: Foul Ball, location: 2F
2-2: Fielders Choice at 2nd, 6-4 (Groundball, 6, EV 104.4 MPH)
Bottom of the 1st over - 0 runs, 1 hit, 0 errors, 2 left on base; University of Arizona 0 - Rice University 0
TOP OF THE 2ND
University of Arizona Wildcats batting - Pitching for Rice University Owls : LHP Yee Koh
Batting: RHB Allen Deschamps 0-0: Ball
1-0: Ball
2-0: Fly out, F9 (Flyball, 9LM, EV 104.4 MPH)
Batting: RHB Miguel Villanueva 0-0: Ball
1-0: Ball
2-0: Ball
3-0: Called Strike
3-1: Called Strike
3-2: Foul Ball, location: 2F
3-2: Base on Balls
Batting: RHB Costantino Dolfini 0-0: Called Strike
0-1: Ball
1-1: Ball
2-1: Grounds into double play, 6-4-3 (Groundball, 6, EV 86.9 MPH)
Top of the 2nd over - 0 runs, 0 hits, 0 errors, 0 left on base; University of Arizona 0 - Rice University 0
BOTTOM OF THE 2ND
Rice University Owls batting - Pitching for University of Arizona Wildcats : RHP David Toellner
Batting: RHB Dave Crouch 0-0: Foul Ball, location: 2F
0-1: Called Strike
0-2: Ball
1-2: Reached via error on a dropped throw from 3B, E3 (Groundball, 56S, EV 70.0 MPH)
Batting: RHB Jonas Fernandez 0-0: Called Strike
0-1: Ball
1-1: Fielders Choice at 2nd, 6-4 (Groundball, 56D, EV 105.0 MPH)
Batting: RHB Tony Beaumond 0-0: Fly out, F9 (Line Drive, 9LS, EV 93.8 MPH)
Batting: RHB Roberto Aispuro 0-0: Swinging Strike
0-1: Ball
1-1: Ball
2-1: Foul Ball, location: 2F
2-2: Ground out 4-3 (Groundball, 4, EV 86.3 MPH)
Bottom of the 2nd over - 0 runs, 0 hits, 1 error, 1 left on base; University of Arizona 0 - Rice University 0
TOP OF THE 3RD
University of Arizona Wildcats batting - Pitching for Rice University Owls : LHP Yee Koh
Batting: RHB Abdel Ambar 0-0: Swinging Strike
0-1: Ball
1-1: Swinging Strike
1-2: Reached on error, E6 (Groundball, 56, EV 105.0 MPH)
Batting: SHB Greg Rivera 0-0: Ball
1-0: Ball
2-0: Ball
3-0: Base on Balls
Abdel Ambar to second
Batting: LHB Cody Humphries 0-0: Ball
1-0: Swinging Strike
1-1: Called Strike
1-2: Foul Ball, location: 2F
1-2: SINGLE (Flyball, 78S, EV 86.3 MPH)
Abdel Ambar to third
Greg Rivera to second
Batting: LHB Bruce Arvizu 0-0: Ball
1-0: Swinging Strike
1-1: Ball
2-1: DOUBLE (Line Drive, 89M, EV 91.9 MPH)
Abdel Ambar scores
Greg Rivera scores
Cody Humphries to third
Batting: RHB Andy Garvin 0-0: Ball
1-0: Called Strike
1-1: Called Strike
1-2: Fly out, F5 (Popup, 25F, EV 89.4 MPH)
Batting: RHB Carlos Teniente 0-0: Ball
1-0: Ball
2-0: Ground out U3 (Groundball, 3L, EV 96.9 MPH)
Batting: RHB Allen Deschamps 0-0: Called Strike
0-1: Swinging Strike
0-2: Strikes out swinging
Top of the 3rd over - 2 runs, 2 hits, 1 error, 2 left on base; University of Arizona 2 - Rice University 0
BOTTOM OF THE 3RD
Rice University Owls batting - Pitching for University of Arizona Wildcats : RHP David Toellner
Batting: LHB Josh Corkery 0-0: Reached on error, E4 (Line Drive, 4, EV 68.8 MPH)
Batting: RHB Tony Casas 0-0: Ball
1-0: Swinging Strike
1-1: Ball
Josh Corkery steals 2nd base
2-1: Foul Ball, location: 2F
2-2: Foul Ball, location: 2F
2-2: Ball
3-2: Base on Balls
Batting: RHB Troy Trice 0-0: Ball
1-0: Called Strike
1-1: Foul Ball, location: 2F
1-2: Strikes out swinging
Batting: RHB Adam Maczko 0-0: Foul Ball, location: 2F
0-1: Called Strike
0-2: Fly out, F9 (Flyball, 9LM, EV 96.3 MPH)
Runner from 2nd tags up, SAFE at 3rd, no throw by RF
Batting: RHB Josh Faulconer 0-0: Ball
1-0: Fielders Choice at 2nd, U6 (Groundball, 6M, EV 103.1 MPH)
Bottom of the 3rd over - 0 runs, 0 hits, 1 error, 2 left on base; University of Arizona 2 - Rice University 0
TOP OF THE 4TH
University of Arizona Wildcats batting - Pitching for Rice University Owls : LHP Yee Koh
Batting: RHB Miguel Villanueva 0-0: Called Strike
0-1: Ball
1-1: Ball
2-1: Swinging Strike
2-2: DOUBLE (Line Drive, 7LM, EV 102.5 MPH)
Batting: RHB Costantino Dolfini 0-0: Ball
1-0: Called Strike
1-1: Ball
2-1: SINGLE (Flyball, 5D, EV 95.0 MPH)
Miguel Villanueva to third
Runner from 3rd tries for Home, SAFE, throw by LF to home
Batting: RHB Abdel Ambar 0-0: Ball
1-0: Swinging Strike
1-1: Ball
2-1: Ball
3-1: Base on Balls
Costantino Dolfini to second
Batting: SHB Greg Rivera 0-0: Called Strike
0-1: Foul Ball, location: 2F
0-2: Fielders Choice at 2nd, 6-4 (Groundball, 56, EV 98.8 MPH)
Costantino Dolfini to third
Batting: LHB Cody Humphries 0-0: Called Strike
0-1: Ball
1-1: Called Strike
1-2: Fly out, F6 (Flyball, 6D, EV 87.5 MPH)
Pitching: RHP Cheng-ho Tai
Batting: LHB Bruce Arvizu 0-0: Foul Ball, location: 2F
0-1: Ball
1-1: Fielders Choice at 2nd, 6-4 (Groundball, 6, EV 84.4 MPH)
Top of the 4th over - 1 run, 2 hits, 0 errors, 2 left on base; University of Arizona 3 - Rice University 0
BOTTOM OF THE 4TH
Rice University Owls batting - Pitching for University of Arizona Wildcats : RHP David Toellner
Batting: RHB Dave Crouch 0-0: Called Strike
0-1: Ball
1-1: Ball
2-1: Foul Ball, location: 2F
2-2: SINGLE (Groundball, 6MD, EV 94.4 MPH)
Batting: RHB Jonas Fernandez 0-0: Ball
1-0: Swinging Strike
1-1: Foul Ball, location: 2F
1-2: Fly out, F3 (Line Drive, 3, EV 70.6 MPH)
Batting: RHB Tony Beaumond 0-0: Grounds into double play, 4-6-3 (Groundball, 4, EV 91.3 MPH)
Bottom of the 4th over - 0 runs, 1 hit, 0 errors, 0 left on base; University of Arizona 3 - Rice University 0
TOP OF THE 5TH
University of Arizona Wildcats batting - Pitching for Rice University Owls : RHP Cheng-ho Tai
Batting: RHB Andy Garvin 0-0: Called Strike
0-1: Ball
1-1: Foul Ball, location: 2F
1-2: Strikes out looking
Batting: RHB Carlos Teniente 0-0: Ground out 4-3 (Groundball, 4, EV 83.1 MPH)
Batting: RHB Allen Deschamps 0-0: Called Strike
0-1: Ball
1-1: SINGLE (Groundball, 34D, EV 101.9 MPH)
Batting: RHB Miguel Villanueva 0-0: Ball
1-0: Foul Ball, location: 2F
1-1: Ball
2-1: Ball
3-1: Foul Ball, location: 2F
3-2: Ground out U3 (Groundball, 34, EV 96.9 MPH)
Top of the 5th over - 0 runs, 1 hit, 0 errors, 1 left on base; University of Arizona 3 - Rice University 0
BOTTOM OF THE 5TH
Rice University Owls batting - Pitching for University of Arizona Wildcats : RHP David Toellner
Batting: RHB Roberto Aispuro 0-0: Foul Ball, location: 2F
0-1: Foul Ball, location: 2F
0-2: Strikes out swinging
Batting: LHB Josh Corkery 0-0: Ball
1-0: Ball
2-0: Called Strike
2-1: Ball
3-1: Called Strike
3-2: Base on Balls
Batting: RHB Tony Casas 0-0: Called Strike
0-1: Ball
1-1: Ball
2-1: Ball
3-1: Grounds into double play, 6-4-3 (Groundball, 6, EV 104.4 MPH)
Bottom of the 5th over - 0 runs, 0 hits, 0 errors, 0 left on base; University of Arizona 3 - Rice University 0
TOP OF THE 6TH
University of Arizona Wildcats batting - Pitching for Rice University Owls : RHP Cheng-ho Tai
Batting: RHB Costantino Dolfini 0-0: Called Strike
0-1: Foul Ball, location: 2F
0-2: Ball
1-2: Foul Ball, location: 2F
1-2: Ball
2-2: Fly out, F9 (Line Drive, 9, EV 110.0 MPH)
Batting: RHB Abdel Ambar 0-0: Ball
1-0: Swinging Strike
1-1: Ball
2-1: Ball
3-1: Called Strike
3-2: Base on Balls
Batting: SHB Greg Rivera 0-0: Ball
1-0: SINGLE (Groundball, 34D, EV 96.3 MPH)
Abdel Ambar to second
Runner from 2nd tries for 3rd, SAFE, throw by RF made to third
Batting: LHB Cody Humphries 0-0: Ground out 6-3 (Groundball, 6M, EV 95.0 MPH)
Abdel Ambar scores
Greg Rivera to second
Batting: LHB Bruce Arvizu 0-0: Ball
1-0: Called Strike
1-1: Ball
2-1: Ball
3-1: Called Strike
3-2: Fly out, F1 (Line Drive, P, EV 68.8 MPH)
Top of the 6th over - 1 run, 1 hit, 0 errors, 1 left on base; University of Arizona 4 - Rice University 0
BOTTOM OF THE 6TH
Rice University Owls batting - Pitching for University of Arizona Wildcats : RHP David Toellner
Pitching: RHP Dean Aspden
Batting: RHB Troy Trice 0-0: Called Strike
0-1: Foul Ball, location: 2F
0-2: Ball
1-2: Ball
2-2: Strikes out looking
Batting: RHB Adam Maczko 0-0: Swinging Strike
0-1: Foul Ball, location: 2F
0-2: Fly out, F7 (Flyball, 7LS, EV 75.0 MPH)
Batting: RHB Josh Faulconer 0-0: Ball
1-0: Foul Ball, location: 2F
1-1: Ball
2-1: Foul Ball, location: 2F
2-2: Foul Ball, location: 2F
2-2: Ground out 5-3 (Groundball, 56, EV 80.0 MPH)
Bottom of the 6th over - 0 runs, 0 hits, 0 errors, 0 left on base; University of Arizona 4 - Rice University 0
TOP OF THE 7TH
University of Arizona Wildcats batting - Pitching for Rice University Owls : RHP Cheng-ho Tai
Pitching: LHP Alex Ramirez
Batting: RHB Andy Garvin 0-0: Foul Ball, location: 2F
0-1: Called Strike
0-2: Foul Ball, location: 2F
0-2: Fly out, F9 (Line Drive, 9, EV 106.3 MPH)
Batting: RHB Carlos Teniente 0-0: Called Strike
0-1: Called Strike
0-2: Ball
1-2: Ball
2-2: Foul Ball, location: 2F
2-2: Fly out, F4 (Popup, 4, EV 76.9 MPH)
Batting: RHB Allen Deschamps 0-0: Called Strike
0-1: Swinging Strike
0-2: Ball
1-2: Foul Ball, location: 2F
1-2: Strikes out swinging
Top of the 7th over - 0 runs, 0 hits, 0 errors, 0 left on base; University of Arizona 4 - Rice University 0
BOTTOM OF THE 7TH
Rice University Owls batting - Pitching for University of Arizona Wildcats : RHP Dean Aspden
Pitching: RHP Tyler Tomblin
Batting: RHB Dave Crouch 0-0: Ball
1-0: Foul Ball, location: 2F
1-1: Fly out, F8 (Flyball, 78D, EV 101.9 MPH)
Batting: RHB Jonas Fernandez 0-0: Called Strike
0-1: Ball
1-1: SINGLE (Groundball, 4MD, EV 100.0 MPH)
Batting: RHB Tony Beaumond 0-0: Foul Ball, location: 2F
0-1: Ball
1-1: SINGLE (Line Drive, 78S, EV 105.6 MPH)
Jonas Fernandez to second
Batting: RHB Roberto Aispuro 0-0: Ball
1-0: Called Strike
1-1: Foul Ball, location: 2F
1-2: Foul Ball, location: 2F
1-2: Foul Ball, location: 2F
1-2: Ball
2-2: Foul Ball, location: 2F
2-2: Ball
3-2: Foul Ball, location: 2F
3-2: Foul Ball, location: 2F
3-2: Foul Ball, location: 2F
3-2: Fly out, F8 (Flyball, 89S, EV 85.0 MPH)
Batting: LHB Josh Corkery 0-0: Ball
1-0: Ball
2-0: Foul Ball, location: 2F
2-1: Ball
3-1: Foul Ball, location: 2F
3-2: Base on Balls
Jonas Fernandez to third
Tony Beaumond to second
Pitching: RHP Chris Santos
Batting: RHB Tony Casas 0-0: Swinging Strike
0-1: Ball
1-1: Ground out 3-1 (Groundball, 34S, EV 63.8 MPH)
Bottom of the 7th over - 0 runs, 2 hits, 0 errors, 3 left on base; University of Arizona 4 - Rice University 0
TOP OF THE 8TH
University of Arizona Wildcats batting - Pitching for Rice University Owls : LHP Alex Ramirez
Batting: RHB Miguel Villanueva 0-0: Called Strike
0-1: Foul Ball, location: 2F
0-2: Ball
1-2: Strikes out swinging
Batting: RHB Costantino Dolfini 0-0: Ball
1-0: Foul Ball, location: 2F
1-1: Foul Ball, location: 2F
1-2: Strikes out swinging
Batting: RHB Abdel Ambar 0-0: Fly out, F6 (Line Drive, 6, EV 70.6 MPH)
Top of the 8th over - 0 runs, 0 hits, 0 errors, 0 left on base; University of Arizona 4 - Rice University 0
BOTTOM OF THE 8TH
Rice University Owls batting - Pitching for University of Arizona Wildcats : RHP Chris Santos
Batting: RHB Troy Trice 0-0: Foul Ball, location: 2F
0-1: Called Strike
0-2: Strikes out looking
Pinch Hitting: RHB Logan Johnson 0-0: Called Strike
0-1: Ball
1-1: Ball
2-1: Foul Ball, location: 2F
2-2: Ball
3-2: Foul Ball, location: 2F
3-2: Foul Ball, location: 2F
3-2: Foul Ball, location: 2F
3-2: Foul Ball, location: 2F
3-2: DOUBLE (Flyball, 8LXD, EV 91.9 MPH)
Batting: RHB Josh Faulconer 0-0: Ground out 6-3 (Groundball, 6, EV 83.8 MPH)
Batting: RHB Dave Crouch 0-0: Ball
1-0: Fly out, F9 (Flyball, 89M, EV 90.0 MPH)
Bottom of the 8th over - 0 runs, 1 hit, 0 errors, 1 left on base; University of Arizona 4 - Rice University 0
TOP OF THE 9TH
University of Arizona Wildcats batting - Pitching for Rice University Owls : LHP Alex Ramirez
Now at 1B: Logan Johnson
Batting: SHB Greg Rivera 0-0: Swinging Strike
0-1: Ball
1-1: Called Strike
1-2: Strikes out looking
Batting: LHB Cody Humphries 0-0: Called Strike
0-1: Ball
1-1: Swinging Strike
1-2: Ball
2-2: Foul Ball, location: 2F
2-2: Foul Ball, location: 2F
2-2: Ball
3-2: Fly out, F9 (Flyball, 9LS, EV 83.1 MPH)
Batting: LHB Bruce Arvizu 0-0: Ball
1-0: Ball
2-0: DOUBLE (Line Drive, 89M, EV 100.6 MPH)
Pitching: LHP Tyler Portier
Batting: RHB Andy Garvin 0-0: Ground out 4-3 (Groundball, 4M, EV 80.6 MPH)
Top of the 9th over - 0 runs, 1 hit, 0 errors, 1 left on base; University of Arizona 4 - Rice University 0
BOTTOM OF THE 9TH
Rice University Owls batting - Pitching for University of Arizona Wildcats : RHP Chris Santos
Pitching: RHP Gu Won
Batting: RHB Jonas Fernandez 0-0: Fly out, F9 (Line Drive, 9D, EV 91.3 MPH)
Batting: RHB Tony Beaumond 0-0: Fly out, F9 (Flyball, 9D, EV 95.6 MPH)
Batting: RHB Roberto Aispuro 0-0: Foul Ball, location: 2F
0-1: SINGLE (Groundball, 6S, EV 72.5 MPH) (infield hit)
Pinch Hitting: SHB Justin Towry 0-0: Ball
1-0: Called Strike
1-1: Ball
2-1: Fly out, F9 (Line Drive, 9S, EV 91.9 MPH)
Bottom of the 9th over - 0 runs, 1 hit, 0 errors, 1 left on base; University of Arizona 4 - Rice University 0
Thursday, March 31st , 2022 - OOTP Baseball 22.12 Build 89